 Dungeon Crawl Stone Soup version 0.25-b1-37-g2669288c55 (webtiles) character file.

Game seed: 8477285005465509708

3038 grindst0ne the Gargoyle Disaster (level 9, -5/54 HPs)
             Began as a Gargoyle Fighter on June 4, 2020.
             Was a Believer of Qazlal.
             Slain by an orc warrior
             ... wielding a +0 flail
              (10 damage)
             ... on level 8 of the Dungeon.
             The game lasted 00:09:35 (8651 turns).

grindst0ne the Gargoyle Disaster (Gargoyle Fighter) Turns: 8651, Time: 00:09:35

Health: -5/54      AC: 16    Str: 23    XL:     9   Next: 86%
Magic:  15/15      EV:  5    Int:  9    God:    Qazlal [**....]
Gold:   333        SH: 13    Dex:  9    Spells: 8/8 levels left

rFire    . . .     SeeInvis .   a - +0 war axe
rCold    . . .     Gourm    .   c - +0 kite shield
rNeg     + . .     Faith    +   b - +0 plate armour
rPois    ∞         Spirit   .   (no helmet)
rElec    +         Reflect  .   s - +0 cloak
rCorr    .         Harm     .   p - +0 pair of gloves
MR       .....                  D - +0 pair of boots
Stlth    ..........             v - amulet of faith
HPRegen  0.18/turn              (no ring)
MPRegen  0.14/turn              (no ring)

@: corroded
A: negative energy resistance 1, electricity resistance, unbreathing,
petrification resistance, rot immunity, AC +6
a: Upheaval, Renounce Religion


You were on level 8 of the Dungeon.
You worshipped Qazlal.
Qazlal was pleased with you.
You were hungry.

You visited 2 branches of the dungeon, and saw 9 of its levels.

You collected 333 gold pieces.

Inventory:

Hand Weapons
 a - a +0 war axe (weapon)
Missiles
 w - 4 throwing nets (quivered)
Armour
 b - a +0 plate armour (worn)
 c - a +0 kite shield (worn)
 p - a +0 pair of gloves (worn)
 s - a +0 cloak (worn)
 y - a +2 chain mail of fire resistance
 D - a +0 pair of boots (worn)
Jewellery
 o - an uncursed ring of ice
 v - an amulet of faith (around neck)
 E - an uncursed amulet of guardian spirit
Wands
 u - a wand of random effects (19)
 B - a wand of polymorph (7)
 F - a wand of digging (2)
 G - a wand of iceblast (7)
Scrolls
 e - 4 scrolls of remove curse
 h - 2 scrolls of random uselessness {unknown}
 k - a scroll of fog {unknown}
 l - 3 scrolls of teleportation {unknown}
 m - a scroll of immolation {unknown}
 n - a scroll of amnesia
 q - a scroll of acquirement {unknown}
 r - 6 scrolls of identify
 t - 4 scrolls of enchant weapon {unknown}
 x - a scroll of blinking
 A - 2 scrolls of enchant armour {unknown}
Potions
 d - 2 potions of might
 g - 2 potions of haste
 i - 5 potions of stabbing
 j - 5 potions of curing
 z - a potion of resistance {unknown}
 C - a potion of brilliance {unknown}
 H - a potion of berserk rage
Comestibles
 f - 6 rations


   Skills:
 - Level 5.2 Fighting
 - Level 1.7 Axes
 + Level 8.3 Armour
 + Level 8.3 Shields
 * Level 9.0 Invocations


You had 8 spell levels left.
You didn't know any spells.
Your spell library contained the following spells:

 Spells                   Type           Power        Failure   Level  Hunger
 Beastly Appendage        Tmut           #.....       100%        1    ##.....
 Corona                   Hex            #......      100%        1    ##.....
 Magic Dart               Conj           #...         100%        1    ##.....
 Blink                    Tloc           N/A          100%        2    ###....
 Call Imp                 Summ           #.......     100%        2    ###....
 Slow                     Hex            #.......     100%        2    ###....
 Sticks to Snakes         Tmut           #.......     100%        2    ###....
 Conjure Flame            Conj/Fire      #.......     100%        3    ####...
 Inner Flame              Hex/Fire       #.......     100%        3    ####...
 Mephitic Cloud           Conj/Pois/Air  #.......     100%        3    ####...
 Portal Projectile        Hex/Tloc       #.....       100%        3    ####...
 Spider Form              Tmut/Pois      #.........   100%        3    ####...
 Cause Fear               Hex            #.........   100%        4    #####..
 Ice Form                 Ice/Tmut       #.......     100%        4    #####..
 Leda's Liquefaction      Hex/Erth       #.........   100%        4    #####..
 Blade Hands              Tmut           #.........   100%        5    ######.


Dungeon Overview and Level Annotations

Branches:
Dungeon (8/15)             Temple (1/1) D:4
   Lair: D:8-11

Altars:
Ashenzari
Cheibriados
Dithmenos
Elyvilon
Fedhas
Gozag
Hepliaklqana
Kikubaaqudgha
Makhleb
Nemelex Xobeh
Okawaru
Qazlal
Ru
Sif Muna
Trog
Uskayaw
Vehumet
Wu Jian
Xom
Yredelemnul
Zin
The Shining One

Shops:
D:7 *


Innate Abilities, Weirdness & Mutations

You are resistant to torment.
Your stone body is resilient. (AC +6)
You are immune to poison.
You resist negative energy. (rN+)
You are resistant to electric shocks. (rElec)
You can survive without breathing.
You are immune to petrification.
You are immune to rotting.


Message History

You block the wyvern's attack. You block the orc warrior's attack.
The jelly hits you but does no damage. You block the wyvern's attack.
You closely miss the wyvern.
The wyvern is almost dead.
You barely miss the orc warrior. You slash the jelly! The acid corrodes you!
Your hands burn!
You block the wyvern's attack. The orc warrior barely misses you.
The jelly hits you but does no damage. The wyvern bites you.
* * * LOW HITPOINT WARNING * * *
You hit the wyvern but do no damage.
The wyvern is almost dead.
You hit the jelly. The acid corrodes you!
Your hands burn!
* * * LOW HITPOINT WARNING * * *
You barely miss the orc warrior. You block the wyvern's attack.
You block the jelly's attack. You block the orc warrior's attack.
The wyvern bites you.
* * * LOW HITPOINT WARNING * * *
You block the jelly's attack.
The orc warrior hits you with a +0 flail!
You die...

#.#####.# ....
#.#####.#
##..##
#.......# #..#
#######.# #.(#
#####[#####.#
#............
#.###.#####...
#.#####...
#@o.....#
#lJ.#####
#Z#######.
#..#..oooJZ.
#.#.#######.
#... .....
###... #.#.


You could see an orc warrior, a wyvern, a jelly and a bullfrog skeleton.

Vanquished Creatures
  Harold (D:7)
  A hungry ghost (D:7)
  2 black bears
  3 sky beasts
  2 orc warriors
  A phantom (D:5)
  2 bullfrogs
  2 scorpions
  2 water moccasin skeletons
  2 vampire bats (D:3)
  2 wights (D:7)
  A howler monkey (D:6)
  A crimson imp (D:5)
  2 hounds
  Crazy Yiuf (D:4)
  A bullfrog skeleton (D:4)
  An orc priest (D:7)
  6 orc wizards
  Jessica (D:2)
  Terence (D:2)
  5 worker ants
  A killer bee zombie (D:8)
  A hound skeleton (D:4)
  A worker ant zombie (D:5)
  10 gnolls
  A howler monkey skeleton (D:5)
  9 adders
  An ooze (D:3)
  An adder zombie (D:7)
  2 worms
  4 dart slugs
  9 leopard geckos
  19 orcs
  5 bat skeletons (D:3)
  10 goblins
  2 hobgoblins (D:3)
  17 jackals
  10 kobolds
  2 quokkas
  3 ball pythons
  8 bats
  5 frilled lizards
  A jackal skeleton (D:5)
  11 rats
173 creatures vanquished.

Vanquished Creatures (others)
  A wight (D:7)
1 creature vanquished.

Grand Total: 174 creatures vanquished

Notes
Turn   | Place    | Note
-------+----------+-------------------------------------------
     0 | D:1      | grindst0ne the Gargoyle Fighter began the quest for the
                  | Orb.
     0 | D:1      | Reached XP level 1. HP: 14/14 MP: 1/1
   196 | D:1      | Reached XP level 2. HP: 17/19 MP: 2/2
   562 | D:1      | Reached XP level 3. HP: 24/24 MP: 3/3
  1423 | D:2      | Reached XP level 4. HP: 29/29 MP: 4/4
  1660 | D:2      | Noticed Terence
  1671 | D:2      | Killed Terence
  1673 | D:2      | Noticed Jessica
  1685 | D:2      | Killed Jessica
  1685 | D:2      | Reached XP level 5. HP: 17/34 MP: 5/5
  2191 | D:3      | Found an ancient bone altar of Kikubaaqudgha.
  2205 | D:3      | Reached XP level 6. HP: 35/40 MP: 6/6
  2315 | D:3      | Reached skill level 5 in Armour
  2315 | D:3      | Reached skill level 5 in Shields
  2406 | D:3      | Reached skill level 5 in Fighting
  3009 | D:4      | Found a staircase to the Ecumenical Temple.
  3034 | Temple   | Entered the Ecumenical Temple
  3072 | Temple   | Became a worshipper of Qazlal Stormbringer
  3347 | D:4      | Reached skill level 1 in Invocations
  3373 | D:4      | Found a burning altar of Makhleb.
  3401 | D:4      | Found a hide-covered altar of Uskayaw.
  3598 | D:4      | Found a runed translucent door.
  3599 | D:4      | Noticed Crazy Yiuf
  3946 | D:4      | Reached skill level 2 in Invocations
  3946 | D:4      | Reached XP level 7. HP: 40/44 MP: 8/8
  4143 | D:4      | Killed Crazy Yiuf
  4327 | D:5      | Entered Level 5 of the Dungeon
  4463 | D:5      | Found a white marble altar of Elyvilon.
  4494 | D:5      | Found a shimmering altar of Xom.
  4497 | D:5      | Found a shimmering blue altar of Sif Muna.
  4500 | D:5      | Found a sparkling altar of Nemelex Xobeh.
  4602 | D:5      | Reached skill level 3 in Invocations
  4964 | D:5      | Reached skill level 4 in Invocations
  5057 | D:5      | Found a snail-covered altar of Cheibriados.
  5177 | D:6      | Reached XP level 8. HP: 43/49 MP: 11/11
  5342 | D:6      | Found a burning altar of Makhleb.
  5356 | D:6      | Reached * piety under Qazlal
  5457 | D:6      | Reached skill level 5 in Invocations
  5475 | D:6      | HP: 1/49 [black bear (6)]
  5798 | D:6      | Found a blossoming altar of Fedhas.
  5931 | D:6      | Reached skill level 6 in Invocations
  6379 | D:6      | Found a glowing golden altar of the Shining One.
  6926 | D:7      | Paralysed by fainting for 5 turns
  6948 | D:7      | Found an opulent altar of Gozag.
  6955 | D:7      | Found a shattered altar of Ashenzari.
  6963 | D:7      | Reached XP level 9. HP: 39/54 MP: 14/14
  6970 | D:7      | Reached skill level 7 in Invocations
  6975 | D:7      | HP: 2/54 [wight/+4 hand axe (4)]
  7684 | D:7      | Found Zin's Purification Station.
  7686 | D:7      | Found a glowing silver altar of Zin.
  7779 | D:7      | Noticed Harold
  7796 | D:7      | Killed Harold
  7796 | D:7      | Reached skill level 8 in Invocations
  8599 | D:8      | Reached skill level 9 in Invocations
  8640 | D:8      | Reached ** piety under Qazlal
  8651 | D:8      | Slain by an orc warrior

Illustrated notes

Levels and vault maps discovered:
D:1:      dpeg_arrival_chambers_temple_mockup, layout_loops_ring
D:2:      layout_loops_cross, uniq_jessica, uniq_terence
D:3:      layout_basic, kennysheep_vampire_church, first_ration
D:4:      layout_loops_ring, kennysheep_mini_moat, minmay_temple_entry_ruins,
          bloody_makhleb, uniq_crazy_yiuf_cottage
D:5:      layout_rooms, grunt_temple_overflow_cloverleaf, kennysheep_slug_shrine
D:6:      layout_basic, lemuel_coloured_pillars_altar,
          overflow_temple_1_default, fedhas_ov_isle_minmay, serial_rivers,
          chequers_serial_rivers_micro_d, chequers_serial_rivers_small_a,
          chequers_serial_rivers_micro_e, chequers_serial_rivers_small_b,
          chequers_serial_rivers_room_b, chequers_serial_rivers_micro_e
D:7:      layout_layer_cave, zin_purify,
          chequers_temple_overflow_statue_of_worship, uniq_harold
D:8:      layout_loops_ring, erik_lair_dragon
Temple:   jpeg_temple_island

Skill      XL: |  1  2  3  4  5  6  7  8  9 |
---------------+----------------------------+-----
Shields        | 4 5 6 7 8 |  8.3
Fighting       | 4 5 |  5.2
Armour         | 4 5 6 7 8 |  8.3
Invocations    | 2 4 6 9 |  9.0
Axes           | |  1.7

Action                   |  1- 3 |  4- 6 |  7- 9 || total
-------------------------+-------+-------+-------++-------
Melee: War axe           |   133 |   217 |   517 ||   867
Evoke: Wand              |       |       |     6 ||     6
  Use: Scroll            |       |       |     7 ||     7
       Potion            |       |       |     1 ||     1
  Eat: Chunk             |     2 |     8 |    11 ||    21
       Ration            |       |       |     3 ||     3
Armor: Scale mail        |    92 |   143 |       ||   235
       Chain mail        |       |    90 |   415 ||   505
       Plate armour      |       |       |    83 ||    83
Dodge: Dodged            |    59 |   109 |   148 ||   316
Block: Kite shield       |    83 |   167 |   386 ||   636
